 Dungeon Crawl Stone Soup version 0.27-a0-1060-gcb85b5eba1 (webtiles) character file.

Game seed: 12017875841664118249

182374 Mgcat the Severer (level 18, 0/204 HPs)
             Began as an Ogre Berserker on Apr 19, 2021.
             Was a High Priest of Trog.
             Slain by Jorgrun
             ... wielding a +0 vorpal quarterstaff
              (1 damage)
             ... on level 3 of the Shoals on Apr 21, 2021.
             The game lasted 01:20:36 (38030 turns).

Mgcat the Severer (Ogre Berserker)                 Turns: 38030, Time: 01:20:37

Health: 0/204      AC: 17    Str: 35    XL:     18   Next: 33%
Magic:  0/18       EV: 10    Int:  8    God:    Trog [*****.]
Gold:   2595       SH: 10    Dex:  8    Spells: 17/17 levels left

rFire    . . .     SeeInvis .   o - +5 broad axe (vorpal)
rCold    . . .     Faith    .   V - +0 kite shield
rNeg     . . .     Spirit   +   c - +2 steam dragon scales
rPois    .         Reflect  .   (helmet restricted)
rElec    .         Harm     .   k - +0 cloak
rCorr    .         Rampage  .   (gloves unavailable)
Will     ++++.                  (boots unavailable)
Stlth    +.........             N - amulet of Siwiwicu {Spirit Will+ Str+3}
HPRegen  1.44/turn              B - +4 ring of protection
MPRegen  0.16/turn              w - ring of flight {+Fly, !d}

@: flying, mesmerised, regenerating
A: large, unfitting armour, tough skin 1, antennae 1, iridescent scales 1
a: Renounce Religion, Berserk, Trog's Hand, Brothers in Arms


You were on level 3 of the Shoals.
You worshipped Trog.
Trog was extremely pleased with you.
You visited 5 branches of the dungeon, and saw 29 of its levels.
You also visited: Bailey and Ice Cave.

You collected 4640 gold pieces.
You spent 2045 gold pieces at shops.

Inventory:

Hand Weapons
 o - a +5 vorpal broad axe (weapon)
   (You took it off Maggie on level 7 of the Dungeon)
 C - the +11 battleaxe "Fosuc" {flame, rF+}
   (Trog gifted it to you on level 11 of the Dungeon)

   It has been specially enchanted to burn those struck by it, causing extra
   injury to most foes and up to half again as much damage against particularly
   susceptible opponents.
   Big, fiery blades are also staple armaments of hydra-hunters.
   It protects you from fire.
Missiles
 b - 21 large rocks (quivered) {!d}
 g - 9 javelins
 Q - 2 throwing nets {=f, !d}
 U - 7 atropa-tipped darts
Armour
 c - +2 steam dragon scales (worn)
   (You took it off Maggie on level 7 of the Dungeon)
 k - a +0 cloak (worn)
   (You took it off Crazy Yiuf on level 2 of the Dungeon)
 D - a +2 tower shield
   (You found it on level 1 of the Lair of Beasts)
 V - a +0 kite shield (worn)
   (You found it on level 3 of the Lair of Beasts)
Jewellery
 u - the ring "Ikliur" {rF+ rCorr Str+3 Dex-5}
   (You acquired it on level 2 of the Orcish Mines)

   [ring of resist corrosion]

   It affects your strength (+3).
   It affects your dexterity (-5).
   It protects you from fire.
   It protects you from acid and corrosion.
 w - a ring of flight (right hand) {+Fly, !d}
   (You found it on level 11 of the Dungeon)
 A - a ring of see invisible {sInv, !d}
   (You found it in an ice cave)
 B - a +4 ring of protection (left hand)
   (You found it on level 6 of the Lair of Beasts)
 L - a +6 ring of strength
   (You found it in an ice cave)
 M - a ring of magical power {MP+9}
   (You took it off a meliai on level 2 of the Spider Nest)
 N - the amulet of Siwiwicu (around neck) {Spirit Will+ Str+3}
   (You acquired it on level 13 of the Dungeon)

   [amulet of guardian spirit]

   It causes incoming damage to be divided between your reserves of health and
   magic.
   It affects your strength (+3).
   It increases your willpower.
 R - a ring of poison resistance {rPois, !d}
   (You found it on level 1 of the Spider Nest)
Wands
 h - a wand of acid (20)
   (You found it on level 2 of the Dungeon)
 l - a wand of iceblast (35)
   (You found it on level 3 of the Dungeon)
 n - a wand of polymorph (17)
   (You took it off Robin on level 4 of the Dungeon)
 s - a wand of mindburst (21)
   (You found it on level 11 of the Dungeon)
 I - a wand of flame (33)
   (You found it on level 3 of the Lair of Beasts)
 P - a wand of paralysis (13)
   (You found it on level 14 of the Dungeon)
Scrolls
 d - 3 scrolls of fear
 m - 4 scrolls of fog
 q - 8 scrolls of teleportation
 y - a scroll of enchant armour
 F - 6 scrolls of identify
 H - a scroll of silence
 J - 3 scrolls of summoning
 S - 2 scrolls of enchant weapon
 T - a scroll of magic mapping {!r}
Potions
 a - 4 potions of might
 e - 6 potions of curing
 f - 5 potions of heal wounds
 j - 3 potions of ambrosia
 p - 6 potions of lignification {!q}
 r - 5 potions of flight
 t - 3 potions of berserk rage {!q}
 v - 6 potions of haste
 x - 5 potions of mutation {!q}
 z - 3 potions of magic
 E - 2 potions of cancellation
 G - 2 potions of resistance
 K - a potion of invisibility
Miscellaneous
 i - a condenser vane
   (You found it on level 1 of the Spider Nest)
 O - a phantom mirror
   (You found it on level 1 of the Spider Nest)


   Skills:
 + Level 18.0 Fighting
 * Level 20.6 Axes
 + Level 11.6 Throwing
 + Level 8.9 Armour
 + Level 9.5 Dodging
 + Level 3.4 Shields
 - Level 5.0 Evocations


You had 17 spell levels left.
You didn't know any spells.
Your spell library was empty.

Dungeon Overview and Level Annotations

Branches:
Dungeon (15/15)            Temple (0/1) D:7            Lair (6/6) D:11
 Shoals (3/4) Lair:4       Spider (3/4) Lair:2        Slime (0/5) Lair:6
    Orc (2/2) D:10            Elf (0/3) Orc:2        Vaults (0/5) D:13
 Depths (0/5) D:15         Bailey (visited)           IceCv (visited)

Altars:
Kikubaaqudgha
Uskayaw
Wu Jian
Zin
The Shining One
Beogh
Jiyva

Shops:
D:1 *[*   Orc:2 ?!!?

Annotations:
D:9 2 transporters, exclusion: ice statue, funkygono's ghost, novice GrFE
D:11 3 runed translucent doors, AirborneRanger's ghost, journeyman HuAr
Shoals:3 Jorgrun


Innate Abilities, Weirdness & Mutations

You are too large for most types of armour.
You have tough skin. (AC +1)
You have a pair of small antennae on your head.
You are partially covered in iridescent scales. (AC +2)


Message History

The merfolk avatar chants its luring song.
You take 24 damage, and have 98/204 hp.
You now have 8/18 mp.
Warning x3: The harpy is very fast and can hit for high damage in melee! x2
Jorgrun can cast petrify and shatter!
Unknown command.
Warning x3: The harpy is very fast and can hit for high damage in melee! x2
Jorgrun can cast petrify and shatter!
Unknown command.
Warning x3: The harpy is very fast and can hit for high damage in melee! x2
Jorgrun can cast petrify and shatter!
Unknown command.
Warning x3: The harpy is very fast and can hit for high damage in melee! x2
Jorgrun can cast petrify and shatter!
You slash the harpy!
You kill the harpy!
Trog accepts your kill.
The merfolk hits you but does no damage.
The merfolk avatar chants its luring song.
The grasping roots constrict you.
The merfolk siren chants a haunting song.
You resist with almost no effort.
Unknown command.
You take 3 damage, and have 95/204 hp.
You now have 7/18 mp.
Warning x2: Jorgrun can cast petrify and shatter!
The harpy is very fast and can hit for high damage in melee!
Unknown command.
Warning x2: Jorgrun can cast petrify and shatter!
The harpy is very fast and can hit for high damage in melee!
Unknown command.
Warning x2: Jorgrun can cast petrify and shatter!
The harpy is very fast and can hit for high damage in melee!
You escape the roots' grasp.
You block the harpy's attack. The harpy claws you but does no damage.
The merfolk avatar chants its luring song.
The merfolk misses you.
Warning x2: Jorgrun can cast petrify and shatter!
The harpy is very fast and can hit for high damage in melee!
Unknown command.
Warning x2: Jorgrun can cast petrify and shatter!
The harpy is very fast and can hit for high damage in melee!
Unknown command.
Warning x2: Jorgrun can cast petrify and shatter!
The harpy is very fast and can hit for high damage in melee!
Unknown command.
Warning x2: Jorgrun can cast petrify and shatter!
The harpy is very fast and can hit for high damage in melee!
You hit the merfolk avatar but do no damage.
The merfolk avatar is heavily wounded.
The harpy closely misses you. You block the harpy's attack.
Jorgrun gestures at you while chanting. The iron shot hits you!!
The merfolk siren chants a haunting song.
You resist with almost no effort.
The merfolk avatar chants its luring song.
You take 18 damage, and have 78/204 hp.
You now have 6/18 mp.
Warning x2: Jorgrun can cast petrify and shatter!
The harpy is very fast and can hit for high damage in melee!
Unknown command.
Warning x2: Jorgrun can cast petrify and shatter!
The harpy is very fast and can hit for high damage in melee!
You closely miss the merfolk avatar.
The merfolk avatar is heavily wounded.
You completely miss the harpy. You block the harpy's attack.
The harpy claws you but does no damage.
The merfolk hits you but does no damage.
Jorgrun mutters some incantations to himself.
Warning x2: Jorgrun can cast petrify and shatter!
The harpy is very fast and can hit for high damage in melee!
Unknown command.
Warning x2: Jorgrun can cast petrify and shatter!
The harpy is very fast and can hit for high damage in melee!
Unknown command.
Warning x2: Jorgrun can cast petrify and shatter!
The harpy is very fast and can hit for high damage in melee!
You closely miss the merfolk avatar.
The merfolk avatar is heavily wounded.
You slice Jorgrun!!
The merfolk hits you from afar with a +2 vorpal trident!
* * * LOW HITPOINT WARNING * * *
The merfolk siren chants a haunting song.
You resist with almost no effort.
A harpy comes into view.
The merfolk avatar chants its luring song.
You block the harpy's attack. x2
You take 19 damage, and have 60/204 hp.
You now have 4/18 mp.
Warning x3: Jorgrun can cast petrify and shatter!
The harpy is very fast and can hit for high damage in melee! x2
Unknown command.
Warning x3: Jorgrun can cast petrify and shatter!
The harpy is very fast and can hit for high damage in melee! x2
Unknown command.
Warning x3: Jorgrun can cast petrify and shatter!
The harpy is very fast and can hit for high damage in melee! x2
Unknown command.
Warning x3: Jorgrun can cast petrify and shatter!
The harpy is very fast and can hit for high damage in melee! x2
You barely miss the merfolk avatar.
The merfolk avatar is heavily wounded.
The harpy screeches!
You slash Jorgrun! You slash the harpy! You block the harpy's attack. x2
You block the merfolk's attack. Jorgrun gestures at you while chanting.
The iron shot hits you!!!
* * * LOW HITPOINT WARNING * * *
The merfolk siren chants a haunting song.
You resist with almost no effort.
The merfolk avatar chants its luring song.
You take 47 damage, and have 13/204 hp.
MASSIVE DAMAGE!!
You now have 1/18 mp.
Warning x3: Jorgrun can cast petrify and shatter!
The harpy is very fast and can hit for high damage in melee! x2
Unknown command.
Warning x3: Jorgrun can cast petrify and shatter!
The harpy is very fast and can hit for high damage in melee! x2
Unknown command.
Warning x3: Jorgrun can cast petrify and shatter!
The harpy is very fast and can hit for high damage in melee! x2
Your iron troll goes berserk!
The harpy barely misses you. The harpy claws you!
* * * LOW HITPOINT WARNING * * *
You block the merfolk's attack.
Jorgrun hits you with a +0 vorpal quarterstaff.
* * * LOW HITPOINT WARNING * * *
You die...

≈≈≈≈≈≈≈≈≈≈≈≈≈≈≈
≈≈≈≈≈≈≈≈≈≈≈≈≈≈≈≈
≈≈≈≈≈≈≈≈≈≈≈≈≈≈≈≈≈
≈≈≈≈≈≈≈≈≈≈≈≈≈≈≈≈≈≈
≈≈≈≈≈≈≈≈≈≈≈≈≈≈≈≈≈≈≈
≈≈≈≈≈≈≈≈≈≈≈≈m≈≈≈≈≈≈.
≈≈≈≈≈≈≈≈≈≈≈≈m≈≈≈≈≈..
≈≈≈≈≈≈≈≈≈≈≈≈@T≈H≈...
≈≈≈≈≈≈≈≈≈≈≈g≈≈≈≈≈...
≈≈≈≈≈≈≈≈≈≈≈m≈H≈≈≈...
≈≈≈≈≈≈≈≈≈≈≈≈≈≈≈≈≈..:
≈≈≈≈≈≈≈≈≈≈≈≈≈≈≈P≈...
≈≈≈≈≈≈≈..≈.≈≈≈≈≈≈...
≈≈≈≈≈≈...<...≈≈≈≈≈≈.
≈≈≈≈....###..≈≈.≈≈≈≈
≈≈≈.....# #.P≈≈P≈≈≈


You could see Jorgrun, a merfolk avatar (mesmerising, ally target), a merfolk, a
merfolk siren, 2 harpies and a friendly iron troll (summoned, berserk).

Vanquished Creatures
  Nikola (Shoals:2)
  Arachne (Spider:3)
  A kraken (Shoals:2)
  Frances (Shoals:1)
  Louise (D:14)
  2 ghost moths (Spider:2)
  4 entropy weavers (Spider:1)
  Snorg (Orc:1)
  Josephine (Lair:4)
  5 merfolk impalers
  3 ice dragons
  5 boulder beetles
  A merfolk avatar (Shoals:1)
  8 hydras
  2 catoblepae
  3 centaur warriors
  An alligator snapping turtle (Shoals:1)
  3 satyrs
  3 two-headed ogres
  2 merfolk aquamancers (Shoals:3)
  A tengu warrior (D:15)
  6 orc high priests
  Sonja (Lair:1)
  7 sea snakes
  2 wizards (D:15)
  Pikel (D:7)
  14 harpies
  A necromancer (D:15)
  2 deep elf pyromancers
  A wolf spider zombie (D:15)
  19 wolf spiders
  8 orc knights (Orc:2)
  14 orb spiders
  6 ugly things
  8 fauns
  2 orc sorcerers
  6 cyclopes
  8 manticores
  3 black mambas
  6 elephants (Lair:4)
  2 ice statues (IceCv)
  4 molten gargoyles (D:11)
  8 merfolk sirens
  A naga mage (D:15)
  Maggie (D:7)
  24 cane toads
  Joseph (D:7)
  3 centaur skeletons (D:15)
  3 water nymphs
  13 komodo dragons
  A yaktaur (shapeshifter) (D:13)
  10 rime drakes
  2 kobold demonologists
  2 unseen horrors
  A freezing wraith (D:15)
  12 demonic crawlers
  6 trolls
  6 polar bears
  27 jumping spiders
  3 meliai (Spider:2)
  8 wind drakes
  15 merfolk
  3 hornets
  4 tyrant leeches (Lair:6)
  21 blink frogs
  9 slime creatures
  A meliai zombie (D:15)
  9 dream sheep
  2 snapping turtles
  50 redbacks
  A shadow (D:12)
  27 tarantellas
  79 yaks
  4 wyverns
  11 water elementals
  A yak (shapeshifter) (D:13)
  7 wraiths
  3 vampires
  5 basilisks
  Grum (D:9)
  2 steam dragons (Shoals:2)
  9 vampire mosquitoes
  An acid dragon (D:9)
  4 wargs
  12 water moccasins
  17 ice beasts
  Duvessa (D:5)
  A black bear (D:11)
  36 orc warriors
  A black bear (shapeshifter) (D:13)
  3 ogres
  A sky beast (D:8)
  9 wolves
  9 centaurs
  Blork the orc (D:4)
  A phantom (D:5)
  4 kobold brigands
  A gnoll sergeant (D:10)
  26 bullfrogs
  A water moccasin zombie (D:5)
  2 scorpions
  Dowan (D:5)
  10 killer bees
  2 electric eels (Lair:6)
  7 wights
  5 howler monkeys
  3 centaur zombies
  29 orc priests
  Crazy Yiuf (D:2)
  2 hounds
  2 iguanas
  17 orc wizards
  Robin (D:4)
  4 gnolls
  4 adders
  3 white imps
  2 ufetubi
  A worm (D:5)
  70 orcs
  5 ball pythons
  8 endoplasms
  7 goblins
  6 hobgoblins
  5 jackals
  20 kobolds
  5 quokkas
  4 bats
  2 frilled lizards (D:1)
  4 rats
  A plant (Shoals:1)
  3 tentacles (Shoals:2)
932 creatures vanquished.

Vanquished Creatures (collateral kills)
  A two-headed ogre (D:10)
  A skeletal warrior (D:10)
  A deep elf archer (D:15)
  A deep elf pyromancer (D:10)
  An ugly thing (D:10)
  A manticore (D:10)
  A centaur zombie (D:10)
  A wraith (D:10)
  2 orc warriors (Bailey)
  12 orcs (Bailey)
22 creatures vanquished.

Vanquished Creatures (others)
  A steam dragon (Shoals:2)
  A water moccasin (Lair:6)
  2 orcs
  49 fungi
  175 plants
  6 tentacles (Shoals:2)
  A withered plant (D:14)
235 creatures vanquished.

Grand Total: 1189 creatures vanquished

Notes
Turn   | Place    | Note
-------+----------+-------------------------------------------
     0 | D:1      | Mgcat the Ogre Berserker began the quest for the Orb.
     0 | D:1      | Reached XP level 1. HP: 24/24 MP: 1/1
   294 | D:1      | Reached XP level 2. HP: 26/33 MP: 2/2
   450 | D:1      | Found Lidao's General Store.
   540 | D:1      | Found Qymurowkesa's Armour Emporium.
   544 | D:1      | Reached XP level 3. HP: 37/40 MP: 3/3
   560 | D:1      | Bought a scroll of noise for 14 gold pieces
   642 | D:1      | Found Xuntusopn's General Store.
  1398 | D:1      | Bought a scroll of identify for 20 gold pieces
  1499 | D:2      | Reached skill level 4 in Axes
  1534 | D:2      | Found a glowing golden altar of the Shining One.
  1972 | D:2      | Reached ** piety under Trog
  2036 | D:2      | Found a runed translucent door.
  2037 | D:2      | Noticed Crazy Yiuf
  2045 | D:2      | Killed Crazy Yiuf
  2046 | D:2      | Reached skill level 5 in Fighting
  2046 | D:2      | Reached XP level 4. HP: 36/50 MP: 0/4
  2498 | D:1      | Bought a scroll of magic mapping for 49 gold pieces
  2849 | D:3      | Found a faded altar of an unknown god.
  3264 | D:4      | Reached skill level 5 in Axes
  3264 | D:4      | Reached XP level 5. HP: 57/57 MP: 5/5
  3436 | D:4      | Noticed Blork the orc
  3462 | D:4      | Killed Blork the orc
  3463 | D:4      | Reached skill level 6 in Fighting
  3463 | D:4      | Reached XP level 6. HP: 67/67 MP: 6/6
  3661 | D:4      | Reached skill level 6 in Axes
  3744 | D:4      | Noticed Robin
  3762 | D:4      | Killed Robin
  3896 | D:4      | Found a glowing silver altar of Zin.
  4035 | D:4      | HP: 16/67 [hobgoblin (4)]
  4040 | D:4      | HP: 12/100 [centaur (1)]
  4189 | D:5      | Entered Level 5 of the Dungeon
  4279 | D:5      | Reached XP level 7. HP: 73/76 MP: 7/7
  4330 | D:5      | Reached skill level 1 in Throwing
  4390 | D:5      | Reached skill level 7 in Fighting
  4390 | D:5      | Reached skill level 7 in Axes
  4439 | D:5      | Noticed Duvessa
  4439 | D:5      | Noticed Dowan
  4446 | D:5      | Killed Duvessa
  4447 | D:5      | Reached skill level 2 in Throwing
  4461 | D:5      | Killed Dowan
  4462 | D:5      | Reached XP level 8. HP: 30/87 MP: 8/8
  4597 | D:5      | Reached *** piety under Trog
  4890 | D:5      | Reached skill level 8 in Fighting
  4890 | D:5      | Reached skill level 8 in Axes
  4890 | D:5      | Reached skill level 3 in Throwing
  5071 | D:6      | HP: 16/75 [wight/+0 halberd (14)]
  5072 | D:6      | HP: 4/72 [wight/+0 halberd (11)]
  5353 | D:6      | Reached skill level 9 in Axes
  5739 | D:6      | Upgraded the game from 0.27-a0-1046-g98bf31544f to
                  | 0.27-a0-1049-g450f9b2e0d
  5856 | D:7      | Found a staircase to the Ecumenical Temple.
  5911 | D:7      | Noticed Maggie
  5942 | D:7      | Killed Maggie
  5943 | D:7      | Reached skill level 9 in Fighting
  5943 | D:7      | Reached XP level 9. HP: 94/98 MP: 9/9
  6110 | D:1      | Bought a scroll of enchant armour for 105 gold pieces
  6337 | D:6      | Identified the +8 quarterstaff of Liasashrarch {protect,
                  | Str+3 Dex+3}
  6424 | D:7      | Noticed Pikel
  6443 | D:7      | Killed Pikel
  6444 | D:7      | Reached skill level 10 in Fighting
  6444 | D:7      | Reached skill level 10 in Axes
  6562 | D:7      | HP: 23/101 [killer bee (4)]
  6772 | D:7      | Reached skill level 11 in Axes
  6876 | D:7      | Noticed Joseph
  6898 | D:7      | HP: 38/153 [Joseph/+2 quarterstaff of distortion (14)]
  6899 | D:7      | HP: 4/153 [Joseph/+2 quarterstaff of distortion (18)]
  6900 | D:7      | Killed Joseph
  6901 | D:7      | Reached XP level 10. HP: 6/111 MP: 10/10
  7170 | D:8      | Found a flagged portal.
  7186 | Bailey   | Entered a bailey
  7204 | Bailey   | Reached **** piety under Trog
  7236 | Bailey   | Reached skill level 11 in Fighting
  7375 | Bailey   | Noticed an orc knight
  7376 | Bailey   | Noticed an orc knight
  7823 | D:8      | Identified a scroll of acquirement
  7823 | D:8      | Acquired 1000 gold pieces
  7981 | D:1      | Bought a +4 ring of evasion for 504 gold pieces
  8120 | D:9      | Noticed Grum
  8189 | D:8      | Reached skill level 1 in Armour
  8203 | D:9      | Killed Grum
  8358 | D:9      | Reached skill level 12 in Axes
  8535 | D:9      | Found a transporter.
  8539 | D:9      | Noticed a five-headed hydra
  8539 | D:9      | Noticed a two-headed ogre
  8545 | D:9      | Noticed funkygono's ghost (novice GrFE)
  8546 | D:9      | Found a transporter.
  8553 | D:9      | Noticed a manticore
  8553 | D:9      | Noticed an ice statue
  8723 | D:9      | Identified the +5 war axe of Xom's Anger {freeze, rN+}
  8786 | D:9      | Reached skill level 2 in Armour
  9263 | D:10     | Entered Level 10 of the Dungeon
  9471 | D:10     | Reached skill level 14 in Axes
  9471 | D:10     | Reached XP level 11. HP: 120/123 MP: 11/11
  9945 | D:10     | Reached skill level 12 in Fighting
  9945 | D:10     | Reached skill level 15 in Axes
 10039 | D:10     | Noticed a green ugly thing
 10049 | D:10     | Reached XP level 12. HP: 109/132 MP: 12/12
 10051 | D:10     | Reached skill level 3 in Armour
 10073 | D:10     | Noticed a two-headed ogre
 10078 | D:10     | Killed a two-headed ogre
 10087 | D:10     | Reached skill level 4 in Throwing
 10234 | D:10     | Reached ***** piety under Trog
 10340 | D:10     | Found a staircase to the Orcish Mines.
 10646 | D:11     | Reached skill level 4 in Armour
 10847 | D:11     | Reached skill level 5 in Throwing
 10916 | D:11     | Found a runed translucent gate.
 10916 | D:11     | Found a runed translucent gate.
 10916 | D:11     | Found a runed translucent gate.
 10937 | D:11     | Identified the +11 battleaxe "Fosuc" {flame, rF+} (Trog
                  | gifted it to you on level 11 of the Dungeon)
 10937 | D:11     | Received a gift from Trog
 10953 | D:11     | Noticed a minotaur
 10972 | D:11     | Noticed AirborneRanger's ghost (journeyman HuAr)
 11033 | D:11     | Paralysed by a hornet for 1 turns
 11036 | D:11     | Reached skill level 13 in Fighting
 11045 | D:11     | Noticed a two-headed ogre
 11053 | D:11     | Killed a two-headed ogre
 11295 | D:11     | Found a staircase to the Lair.
 11467 | Lair:1   | Entered Level 1 of the Lair of Beasts
 11503 | Lair:1   | Noticed Sonja
 11513 | Lair:1   | Reached skill level 16 in Axes
 11705 | Lair:1   | Reached XP level 13. HP: 144/144 MP: 13/13
 11739 | Lair:1   | Reached skill level 5 in Armour
 11834 | Lair:1   | Reached skill level 6 in Throwing
 11948 | Lair:1   | Killed Sonja
 12563 | Lair:2   | Found a hole to the Spider Nest.
 12735 | Lair:2   | Reached skill level 14 in Fighting
 12830 | Lair:2   | Reached skill level 7 in Throwing
 13334 | Lair:3   | Reached skill level 17 in Axes
 13648 | Lair:3   | Reached skill level 3 in Dodging
 14076 | Lair:4   | Found a hide-covered altar of Uskayaw.
 14108 | Lair:4   | Found a staircase to the Shoals.
 14111 | Lair:4   | HP: 37/148 [merfolk/+0 trident (4)]
 14207 | Lair:4   | Found a frozen archway.
 14208 | Lair:4   | Noticed an ice dragon
 14238 | Lair:4   | Killed an ice dragon
 14239 | Lair:4   | Reached XP level 14. HP: 132/157 MP: 14/14
 14245 | IceCv    | Entered an ice cave
 14375 | IceCv    | Reached skill level 8 in Throwing
 14539 | IceCv    | Reached skill level 4 in Dodging
 14627 | IceCv    | Identified the ring "Puatouk" {rC- Will+ rCorr Int+9 Dex-4}
 15029 | Lair:4   | Reached skill level 15 in Fighting
 15031 | Lair:4   | Received a gift from Trog
 15099 | Lair:4   | Noticed Josephine
 15110 | Lair:4   | Killed Josephine
 15222 | Lair:4   | Found an ornate altar of the Wu Jian Council.
 15244 | Lair:4   | Reached skill level 18 in Axes
 15244 | Lair:4   | Reached skill level 5 in Dodging
 16057 | Lair:5   | Reached skill level 1 in Evocations
 16520 | Lair:6   | Entered Level 6 of the Lair of Beasts
 16866 | Lair:6   | Reached skill level 2 in Evocations
 16895 | Lair:6   | Received a gift from Trog
 16905 | Lair:6   | Reached XP level 15. HP: 167/167 MP: 15/15
 17156 | Lair:6   | Reached ****** piety under Trog
 17302 | Lair:6   | Found a viscous altar of Jiyva.
 17302 | Lair:6   | Found a staircase to the Slime Pits.
 17383 | Lair:6   | Reached skill level 6 in Dodging
 17435 | Lair:6   | Found the +3 robe of Folly {Archmagi, Will-- Int+5}
 17793 | Lair:6   | Upgraded the game from 0.27-a0-1049-g450f9b2e0d to
                  | 0.27-a0-1060-gcb85b5eba1
 18007 | Orc:1    | Entered Level 1 of the Orcish Mines
 18081 | Orc:1    | Received a gift from Trog
 18082 | Orc:1    | Reached skill level 3 in Evocations
 18213 | Orc:1    | Reached skill level 6 in Armour
 18257 | Orc:1    | Noticed Snorg
 18266 | Orc:1    | Killed Snorg
 18267 | Orc:1    | Reached skill level 9 in Throwing
 18368 | Orc:1    | You fall into a shaft and drop 1 floor!
 18368 | Orc:2    | Entered Level 2 of the Orcish Mines
 18922 | Orc:2    | Found a staircase to the Elven Halls.
 19526 | Orc:2    | Reached skill level 16 in Fighting
 19633 | Orc:2    | Received a gift from Trog
 19993 | Orc:2    | Found Ipoph's Magic Scroll Boutique.
 19993 | Orc:2    | Found Himmogag's Distillery.
 19994 | Orc:2    | Found Gynuoph's Distillery.
 19994 | Orc:2    | Found Rifoqeqa's Magic Scroll Boutique.
 20001 | Orc:2    | Bought a scroll of acquirement for 728 gold pieces
 20001 | Orc:2    | Bought a scroll of identify for 28 gold pieces
 20001 | Orc:2    | Bought a scroll of identify for 28 gold pieces
 20002 | Orc:2    | Bought a potion of mutation for 88 gold pieces
 20005 | Orc:2    | Bought a scroll of blinking for 105 gold pieces
 20006 | Orc:2    | Bought a potion of mutation for 128 gold pieces
 20006 | Orc:2    | Bought a potion of resistance for 160 gold pieces
 20015 | Orc:2    | Acquired the ring "Ikliur" {rF+ rCorr Str+3 Dex-5}
 20039 | Orc:2    | Bought a potion of cancellation for 88 gold pieces
 20547 | D:12     | Reached skill level 4 in Evocations
 20753 | D:13     | Acquired the amulet of Siwiwicu {Spirit Will+ Str+3}
 21001 | D:13     | Found a gate to the Vaults.
 21323 | D:13     | Reached skill level 19 in Axes
 21323 | D:13     | Reached XP level 16. HP: 163/179 MP: 16/16
 21915 | D:14     | Reached skill level 7 in Dodging
 22108 | D:14     | Noticed Louise
 22122 | D:14     | Killed Louise
 22329 | D:14     | Found an ancient bone altar of Kikubaaqudgha.
 22421 | D:14     | Noticed Nessos
 22423 | D:14     | Noticed Nessos
 22423 | D:14     | Nessos changed into Nessos the redback
 22426 | D:14     | Killed Nessos the redback
 22630 | D:15     | Entered Level 15 of the Dungeon
 22756 | D:15     | Received a gift from Trog
 22991 | D:15     | HP: 42/180 [deep elf archer/arrow (20)]
 23280 | D:15     | Reached skill level 7 in Armour
 23294 | D:15     | Found a staircase to the Depths.
 23857 | Shoals:1 | Entered Level 1 of the Shoals
 23869 | Shoals:1 | HP: 28/180 [wind drake/the air (18)]
 23873 | Shoals:1 | HP: 13/180 [poisoned by a sea snake]
 23878 | Lair:4   | HP: 8/180 [poisoned by a sea snake]
 24394 | Spider:1 | Entered Level 1 of the Spider Nest
 24750 | Spider:1 | Reached skill level 10 in Throwing
 24872 | Spider:1 | Reached skill level 5 in Evocations
 27005 | Spider:1 | Gained mutation: You have a pair of small antennae on your
                  | head. [potion of mutation]
 27005 | Spider:1 | Gained mutation: You are partially covered in iridescent
                  | scales. (AC +2) [potion of mutation]
 27032 | Spider:2 | Reached skill level 8 in Dodging
 27301 | Spider:2 | Reached skill level 17 in Fighting
 27427 | Spider:2 | Reached XP level 17. HP: 146/191 MP: 6/17
 27448 | Spider:2 | Received a gift from Trog
 28188 | Spider:3 | HP: 44/191 [jumping spider (8)]
 28193 | Spider:2 | HP: 21/191 [jumping spider (16)]
 28578 | Spider:2 | Reached skill level 8 in Armour
 28747 | Spider:3 | Noticed Arachne
 28874 | Spider:3 | Killed Arachne
 28875 | Spider:3 | Reached skill level 20 in Axes
 28875 | Spider:3 | HP: 66/288 [tarantella (9)]
 29688 | Spider:3 | Reached skill level 11 in Throwing
 30673 | Shoals:1 | HP: 46/192 [poisoned by a sea snake]
 31088 | Shoals:1 | Reached skill level 1 in Shields
 31551 | Shoals:1 | Noticed Frances
 31566 | Shoals:1 | Killed Frances
 31567 | Shoals:1 | Reached skill level 9 in Dodging
 31873 | Shoals:1 | Received a gift from Trog
 32200 | Shoals:2 | Noticed Nikola
 32208 | Shoals:2 | Killed Nikola
 32552 | Shoals:2 | Reached skill level 2 in Shields
 33711 | Shoals:2 | Reached XP level 18. HP: 186/202 MP: 15/18
 33916 | Shoals:2 | HP: 47/202 [merfolk impaler/+0 trident of freezing (5)]
 35688 | Shoals:3 | HP: 70/303 [merfolk impaler/+2 antimagic trident (15)]
 35701 | Shoals:2 | HP: 26/202 [water nymph (9)]
 35701 | Shoals:2 | HP: 8/202 [drowned by a water nymph (9)]
 36982 | Shoals:3 | Reached skill level 3 in Shields
 37295 | Shoals:3 | Reached skill level 18 in Fighting
 37515 | Shoals:3 | Identified the +8 ring mail of Garaxate {Will+ Int-4
                  | Stlth+}
 38013 | Shoals:3 | Noticed Jorgrun
 38029 | Shoals:3 | HP: 13/204 [Jorgrun/iron shot (48)]
 38030 | Shoals:3 | HP: 5/204 [harpy (10)]
 38030 | Shoals:3 | HP: 1/204 [Jorgrun/+0 vorpal quarterstaff (4)]
 38030 | Shoals:3 | Slain by Jorgrun

Illustrated notes

Levels and vault maps discovered:
D:1:      dpeg_arrival_arbitrary_a, layout_loops_ring, serial_forest,
          infiniplex_forest_end_2, infiniplex_forest_clump_large,
          infiniplex_forest_3_way, infiniplex_forest_split,
          infiniplex_forest_straight_4, infiniplex_forest_lined_2,
          infiniplex_forest_lined_room_2, serial_shops, shop, shop_fountains,
          shop, grunt_decor_arrowhead
D:2:      layout_basic, basic_altar, kennysheep_generic_room_13,
          uniq_crazy_yiuf_cottage
D:3:      layout_loops_cross, hellmonk_ecumenical_altar_pennies_from_heaven,
          minivault_24
D:4:      layout_basic, zin_scriptorium, uniq_blork_the_orc, uniq_robin
D:5:      layout_basic, uniq_duvessa
D:6:      layout_cave_pools, dk_rats_in_the_wall
D:7:      layout_loops_cross, minmay_temple_entry_arrows, uniq_joseph,
          uniq_maggie, uniq_pikel
D:8:      layout_basic, enter_bailey_2, serial_bayou_pond_c
D:9:      layout_cave_pools, nzn_ghost_randoct, uniq_grum
D:10:     layout_basic, david_orc_4, nzn_random_ring
D:11:     layout_long_grid, grunt_lair_entry_orc_guard_hut,
          maelrawn_ghost_gauntlet_escape, minivault_8
D:12:     layout_cross
D:13:     layout_grid_maze, david_vaults_2
D:14:     layout_irregular_city, kiku_gazebo_garden_becter, uniq_louise,
          uniq_nessos
D:15:     grunt_enter_depths_magical_seal, layout_rooms
Lair:1:   layout_loops_ring, grunt_megastairs_4, uniq_sonja
Lair:2:   layout_concentric_octagons, spider_nest_entry_web_field,
          lemuel_fruit_fields
Lair:3:   layout_cave_pods
Lair:4:   layout_regular_city, elwin_shoals_entry_stream,
          portal_ice_cave_entry_animals_and_master, minivault_11,
          nzn_masters_of_martial_movement, uniq_josephine
Lair:5:   layout_roguey, nicolae_lair_grove_arrangements
Lair:6:   minmay_lair_end_frog_pond, layout_small_grid,
          dpeg_slime_entry_enclosed_altar, serial_bayou, serial_bayou_shore_b,
          serial_bayou_pond_d, serial_bayou_ford_a, serial_bayou_shore_b,
          serial_bayou_crossing, patterned_corridor
Shoals:1: layout_shoals, uniq_frances
Shoals:2: layout_shoals, nicolae_shoals_drake_roost, uniq_nikola
Shoals:3: layout_shoals, nzn_prometheus_bound, uniq_polyphemus, uniq_jorgrun
Spider:1: layout_chambers, nicolae_spider_nooks_and_crannies
Spider:2: layout_spider_delve
Spider:3: layout_spider_delve, drop_trap, spiders_nest_hornet_nest, uniq_arachne
Orc:1:    layout_caves, uniq_snorg
Orc:2:    st_orc_pillars, layout_caves, basic_altar

Skill      XL: |  1  2  3  4  5  6  7  8  9 10 11 12 13 14 15 16 17 18 |
---------------+-------------------------------------------------------+-----
Axes           | 4 5 6 7 9 11 14 15 16 17 18 19 20 | 20.6
Fighting       | 5 6 7 9 10 11 12 13 14 15 16 17 18 | 18.0
Throwing       | 2 3 5 7 8 9 10 11 | 11.6
Armour         | 2 4 5 6 7 8 |  8.9
Dodging        | 3 5 6 8 9 |  9.5
Evocations     | 2 4 5 |  5.0
Shields        | 2 3 |  3.4

Action                   |  1- 3 |  4- 6 |  7- 9 | 10-12 | 13-15 | 16-18 || total
-------------------------+-------+-------+-------+-------+-------+-------++-------
Melee: Hand axe          |   106 |   143 |   218 |       |       |       ||   467
       Quarterstaff      |       |       |    68 |   117 |       |       ||   185
       War axe           |       |       |       |   262 |       |       ||   262
       Battleaxe         |       |       |       |    40 |   839 |   422 ||  1301
       Broad axe         |       |       |       |       |       |   342 ||   342
Throw: Javelin           |     1 |     4 |     6 |    12 |    22 |    54 ||    99
       Large rock        |       |       |       |       |       |    33 ||    33
Invok: Berserk           |     2 |     5 |     6 |     4 |     7 |    21 ||    45
       Trog's Hand       |       |     1 |     1 |     3 |     8 |    11 ||    24
       Brothers in Arms  |       |       |       |     1 |       |     2 ||     3
Evoke: Wand              |       |       |     2 |     7 |     4 |     3 ||    16
       Condenser vane    |       |       |       |       |       |     1 ||     1
  Use: Scroll            |     1 |     1 |    12 |     8 |    13 |     9 ||    44
       Potion            |       |       |     1 |     2 |       |    11 ||    14
 Stab: Distracted        |       |       |       |     1 |       |       ||     1
Armor: Animal skin       |    19 |    28 |     6 |       |       |       ||    53
       Robe              |       |       |    18 |       |       |       ||    18
       Steam dragon scal |       |       |    49 |   225 |   233 |   378 ||   885
Dodge: Dodged            |    33 |    64 |   161 |   347 |   365 |   320 ||  1290
Block: Tower shield      |       |       |       |       |       |   417 ||   417
       Kite shield       |       |       |       |       |       |    13 ||    13

Table legend: (Time is in decaauts)
 A = Elapsed time spent in this place.
 B = Non-inter-level travel time spent in this place.
 C = Inter-level travel time spent in this place.
 D = Time resting spent in this place.
 E = Time spent auto-exploring this place.
 F = Levels seen in this place.
 G = Mean time per level.
                   A        B        C        D        E       F      G
               +--------+--------+--------+--------+--------+-----+--------+
         Total |  38365 |  34930 |   3435 |  10396 |  18432 |  31 | 1237.6 |
       Dungeon |  15354 |  13334 |   2020 |   2238 |   8761 |  15 | 1023.6 |
          Lair |   6918 |   6117 |    801 |   1045 |   3927 |   6 | 1153.0 |
        Shoals |   7539 |   7295 |    244 |   4190 |   2140 |   3 | 2513.0 |
   Spider Nest |   5637 |   5400 |    237 |   2529 |   2166 |   3 | 1879.0 |
  Orcish Mines |   2064 |   1933 |    131 |    203 |   1076 |   2 | 1032.0 |
        Bailey |    222 |    222 |      0 |     47 |     26 |   1 |  222.0 |
      Ice Cave |    629 |    629 |      0 |    142 |    335 |   1 |  629.0 |
               +--------+--------+--------+--------+--------+-----+--------+

Top non-repeatable levels by time:
Shoals:1: 3928 daAuts
Spider:1: 3075 daAuts
Shoals:2: 2874 daAuts
  Lair:4: 1743 daAuts
     D:1: 1670 daAuts
   Orc:2: 1558 daAuts
Spider:2: 1439 daAuts
    D:10: 1372 daAuts
    D:13: 1277 daAuts
    D:11: 1274 daAuts
  Lair:6: 1258 daAuts
     D:4: 1161 daAuts
Spider:3: 1121 daAuts
  Lair:1: 1091 daAuts
     D:7: 1089 daAuts

Table legend:
 A = Kills in this place as a percentage of kills in entire the game.
 B = Kills by you in this place as a percentage of kills by you in the entire game.
 C = Kills by friends in this place as a percentage of kills by friends in the entire game.
 D = Other kills in this place as a percentage of other kills in the entire game.
 E = Experience gained in this place as a percentage of experience gained in the entire game.
 F = Experience gained in this place divided by the number of levels of this place that you have seen.
                   A       B       C       D       E      F
               +-------+-------+-------+-------+-------+----------------------
         Total | 100.0 | 100.0 | 100.0 |   N/A | 100.0 | 8387.5
       Dungeon |  32.0 |  31.9 |  36.4 |   N/A |  20.5 | 3547.5
          Lair |  24.1 |  24.7 |   0.0 |   N/A |  24.5 | 10613.7
        Shoals |  10.7 |  11.0 |   0.0 |   N/A |  21.9 | 18957.7
   Spider Nest |  17.1 |  17.5 |   0.0 |   N/A |  24.1 | 20902.7
  Orcish Mines |  11.5 |  11.7 |   0.0 |   N/A |   6.7 | 8674.0
        Bailey |   2.5 |   1.1 |  63.6 |   N/A |   0.3 | 751.0
      Ice Cave |   2.1 |   2.2 |   0.0 |   N/A |   2.1 | 5436.0
               +-------+-------+-------+-------+-------+----------------------
